 Dungeon Crawl Stone Soup version 0.17.0-24-gcfadda4 (console) character file.

67 gw the Skirmisher (level 4, -2/42 HPs)
             Began as a Naga Fighter on Nov 17, 2015.
             Slain by a gnoll
             ... wielding a +0 spear
              (5 damage)
             ... on level 2 of the Dungeon.
             The game lasted 00:02:02 (2259 turns).

gw the Skirmisher (Naga Fighter)                    Turns: 2259, Time: 00:02:02

Health: -2/42      AC:  5    Str: 18    XL:     4   Next: 16%
Magic:  4/4        EV:  5    Int:  9    God:
Gold:   70         SH:  8    Dex: 11    Spells: 0 memorised, 3 levels left

rFire  . . .     SeeInvis +     a - +0 flail
rCold  . . .     Clarity  .     b - +0 scale mail
rNeg   . . .     SustAt   .     c - +0 shield
rPois  +         Gourm    .     (no helmet)
rElec  .         Spirit   .     (no cloak)
rCorr  .         Warding  .     (no gloves)
rMut   .         Stasis   .     (no barding)
MR     .....                    (no amulet)
Stlth  ..........               (no ring)
                                (no ring)

@: very slow, not resistant to hostile enchantments, extremely unstealthy
A: see invisible, deformed body, poison resistance, slowness 2, slow metabolism
1, spit poison 2, AC +1
a: Spit Poison


You were on level 2 of the Dungeon.
You were not hungry.

You visited 1 branch of the dungeon, and saw 2 of its levels.

You collected 70 gold pieces.

Inventory:

Hand Weapons
 a - a +0 flail (weapon)
Missiles
 f - 33 stones (quivered)
Armour
 b - a +0 scale mail (worn)
 c - a +0 shield (worn)
Scrolls
 j - a scroll of teleportation {unknown}
 k - a scroll of enchant armour {unknown}
 m - a scroll of remove curse {unknown}
Potions
 d - 2 potions of might
 g - a potion of haste {unknown}
 h - a potion of heal wounds {unknown}
 i - a potion of curing {unknown}
Comestibles
 e - 3 bread rations
 l - a meat ration


   Skills:
 + Level 3.5 Fighting
 * Level 3.0 Maces & Flails
 + Level 1.5 Throwing
 + Level 2.5 Armour
 + Level 2.5 Shields


You had 3 spell levels left.
You didn't know any spells.

Dungeon Overview and Level Annotations

Branches:
Dungeon (2/15)

Altars:


Innate Abilities, Weirdness & Mutations

You cannot wear boots.
Your serpentine skin is tough (AC +1).
You have supernaturally acute eyesight.
Armour fits poorly on your strangely shaped body.
Your system is resistant to poisons.
You cover ground very slowly.
You have a slow metabolism.
You can spit poison.


Message History

You thump the gnoll!
The gnoll is moderately wounded.
The gnoll hits you but does no damage.
ATTACK MOVE TO (0,1)
You hit the gnoll.
The gnoll is heavily wounded.
You block the gnoll's attack. The gnoll hits you with a spear.
ATTACK MOVE TO (0,1)
You hit the gnoll.
The gnoll is severely wounded.
The gnoll hits you but does no damage.
ATTACK MOVE TO (0,1)
You completely miss the gnoll.
The gnoll is severely wounded.
You block the gnoll's attack.
ATTACK MOVE TO (0,1)
You barely miss the gnoll.
The gnoll is severely wounded.
You block the gnoll's attack. The gnoll hits you with a spear.
You die...

#.............#.#
.. #.#
.....#........#.# .
.##
.##..#.########.#
#. # .##..#.# #.##.
.##....# #.#..
.##.##.# #[#.#
.......# ####.#)#
.##.#.## #....#)#
....#.# #....N##
#####.# #....g# #.#
#....... #.#
#.....#..# #####.#
#.....##...
......####......#.
...#
.........#.#....#.#
#.#
.........#.#....#.#
.# .....)...#


You could see a gnoll.

Table legend:
 A = Turns spent in this place as a percentage of turns spent in the entire game.
 B = Non-inter-level travel turns spent in this place as a percentage of non-inter-level travel turns spent in the entire game.
 C = Inter-level travel turns spent in this place as a percentage of turns spent in this place.
 D = Turns resting spent in this place as a percentage of non-inter-level travel turns spent in this place.
 E = Turns spent auto-exploring this place as a percentage of non-inter-level travel turns spent in this place.
 F = Non-inter-level travel turns spent in this place divided by the number of levels of this place that you've seen.
                   A       B       C       D       E      F
               +-------+-------+-------+-------+-------+----------------------
         Total | 100.0 | 100.0 |   0.2 |   1.6 |   2.3 | 1330.5
       Dungeon | 100.0 | 100.0 |   0.2 |   1.6 |   2.3 | 1330.5
               +-------+-------+-------+-------+-------+----------------------

Table legend:
 A = Kills in this place as a percentage of kills in entire the game.
 B = Kills by you in this place as a percentage of kills by you in the entire game.
 C = Kills by friends in this place as a percentage of kills by friends in the entire game.
 D = Other kills in this place as a percentage of other kills in the entire game.
 E = Experience gained in this place as a percentage of experience gained in the entire game.
 F = Experience gained in this place divided by the number of levels of this place that you have seen.
                   A       B       C       D       E      F
               +-------+-------+-------+-------+-------+----------------------
         Total | 100.0 | 100.0 |  -nan |  -nan | 100.0 |  48.0
       Dungeon | 100.0 | 100.0 |  -nan |  -nan | 100.0 |  48.0
               +-------+-------+-------+-------+-------+----------------------

Vanquished Creatures
  2 gnolls (D:2)
  An ooze (D:1)
  3 giant geckos (D:1)
  2 ball pythons (D:1)
  3 giant cockroaches
  A goblin (D:1)
  6 hobgoblins
  8 kobolds (D:1)
  A quokka (D:2)
  5 bats
  3 giant newts (D:1)
  4 rats
39 creatures vanquished.

Notes
Turn   | Place    | Note
--------------------------------------------------------------
     0 | D:1      | gw the Naga Fighter began the quest for the Orb.
     0 | D:1      | Reached XP level 1. HP: 21/21 MP: 1/1
   657 | D:1      | Reached XP level 2. HP: 26/28 MP: 2/2
  1150 | D:1      | Reached skill level 1 in Throwing
  1240 | D:1      | Reached XP level 3. HP: 19/34 MP: 3/3
  2253 | D:2      | Reached XP level 4. HP: 7/42 MP: 4/4
  2259 | D:2      | Slain by a gnoll

Action                   |  1- 3 |  4- 6 || total
-------------------------+-------+-------++-------
Melee: Flail             |   185 |     5 ||   190
Throw: Stone             |    72 |       ||    72
 Abil: Spit Poison       |     2 |       ||     2
  Use: Scroll            |     1 |       ||     1
       Potion            |     1 |       ||     1
  Eat: Chunk             |     3 |       ||     3

Vault maps used:
D:1:      dpeg_arrival_rooms_a, corner_web_ring, st_stairs_13,
          minmay_misc_feat_tiny
D:2:      wad_crossroads, kennysheep_generic_room_4
